Map: Orbital Shipyard

Players

speaknow (ByuN) - Winner!

  • Race: Terran Terran

Patience

  • Race: Protoss Protoss
  • League: Grandmaster

Event: Byun vs Patience (matcherino)

VOD

https://www.youtube.com/watch?v=FpsCj15CkKI

Description

Time

  • Played on: Nov. 23, 2015, 9:33 a.m.
  • Length: 22:20

All games in this series

Show
View Real Time Build Order
Export as new Build Order

speaknow Terran - Winner!

Build Orders: Reaper Expand, MMM Bio 

Get SALT Encoding   

  12  0:00  SCV  
  13  0:15  Supply Depot  
  13  0:18  SCV  
  14  0:37  Barracks  
  14  0:40  Refinery  
  14  0:44  SCV  
  15  0:56  SCV  
  16  1:08  SCV  
  17  1:24  Reaper, Orbital Command  
  18  1:42  Command Center  
  18  1:50  SCV  
  19  1:56  Reaper  
  19  2:00  Supply Depot  
  20  2:02  SCV  
  21  2:14  SCV  
  22  2:17  Barracks  
  22  2:26  SCV  
  23  2:30  Reaper  
  23  2:35  Barracks  
  23  2:38  SCV  
  24  2:44  Factory  
  24  2:50  SCV  
  25  2:57  Orbital Command  
  25  3:02  SCV  
  26  3:07  Refinery  
  26  3:11  Barracks Reactor  
  26  3:14  SCV  
  26  3:15  Bunker  
  27  3:24  Barracks Tech Lab  
  27  3:26  SCV  
  29  3:27  SCV  
  29  3:33  Factory Tech Lab  
  29  3:39  SCV x2  
  31  3:41  Supply Depot  
  31  3:43  Marine  
  32  3:48  Marine x2  
  32  3:50  Starport  
  32  3:53  SCV x2  
  36  4:01  Marine  
  37  4:05  Engineering Bay  
  37  4:06  Siege Tank  
  37  4:08  SCV x2  
  42  4:11  Marine x2  
  44  4:17  Refinery  
  44  4:20  SCV  
  44  4:21  SCV, Marine  
  47  4:28  Stimpack  
  47  4:29  Marine x2  
  49  4:35  Supply Depot  
  49  4:39  Marine  
  49  4:40  SCV x2  
  49  4:43  Medivac  
  54  4:51  Marine  
  54  4:53  Marine  
  54  4:57  SCV x2, Marine  
  54  4:58  Supply Depot, Marine  
  58  5:03  Siege Tank  
  61  5:09  SCV  
  61  5:12  Refinery  
  62  5:18  Supply Depot  
  62  5:19  Marine x4  
  62  5:20  SCV  
  67  5:23  Medivac  
  67  5:25  Supply Depot  
  67  5:26  SCV  
  69  5:32  SCV  
  65  5:38  SCV  
  65  5:40  Marine x2  
  64  5:44  SCV  
  65  5:50  SCV  
  65  5:51  Terran Infantry Weapons Level 1  
  65  5:54  Viking  
  65  5:56  SCV, Marine  
  71  5:58  Marine x2  
  71  6:02  SCV, Siege Tank  
  71  6:03  Barracks Tech Lab  
  76  6:06  Supply Depot  
  76  6:08  SCV  
  77  6:14  SCV  
  77  6:21  Marine x2  
  81  6:29  Combat Shields, Marauder  
  81  6:30  Marauder  
  81  6:31  Starport Reactor  
  83  6:33  SCV x2  
  83  6:35  Supply Depot  
  85  6:44  Marine  
  85  6:45  Marine  
  85  6:46  Concussive Shells  
  87  6:49  SCV x2  
  87  6:52  Command Center  
  89  6:55  Factory Reactor  
  88  7:03  Command Center, Marauder x2  
  88  7:04  Marine x2  
  94  7:13  SCV x2  
  94  7:15  Medivac x2  
  100  7:23  Barracks  
  100  7:25  Barracks  
  100  7:29  Marauder  
  97  7:30  Marauder  
  97  7:33  Marine x2  
  97  7:34  Widow Mine  
  101  7:37  Widow Mine  
  95  7:48  SCV x2  
  95  7:50  Medivac  
  95  7:51  Medivac  
  90  7:54  Marauder  
  90  7:55  Marauder  
  94  8:00  SCV x2  
  94  8:03  Terran Infantry Armor Level 1  
  94  8:05  Supply Depot  
  96  8:16  SCV x2  
  96  8:17  Orbital Command  
  96  8:19  Factory Reactor  
  102  8:20  Marauder x2  
  102  8:21  Marauder  
  102  8:22  Marine x2  
  102  8:25  Marine  
  102  8:26  Marine  
  108  8:29  Liberator x2  
  108  8:31  SCV x2  
  109  8:40  Orbital Command  
  109  8:42  Marine, Marauder x3  
  109  8:43  Marine  
  122  8:53  SCV x2  
  122  8:55  Missile Turret  
  124  8:56  Supply Depot  
  124  8:57  Supply Depot  
  124  8:59  Supply Depot  
  124  9:01  Armory, Engineering Bay  
  124  9:06  SCV  
  125  9:13  SCV x2, Marine x3  
  125  9:14  Marine x3  
  133  9:17  Marine  
  133  9:22  Supply Depot  
  134  9:24  SCV  
  134  9:25  SCV x2  
  134  9:27  Widow Mine x2  
  141  9:36  SCV  
  141  9:37  SCV  
  136  9:42  SCV  
  134  9:48  SCV, Medivac x2  
  134  9:49  SCV, Marine x4  
  134  9:50  Marauder x2  
  134  9:51  Marauder  
  150  9:54  SCV  
  145  10:01  SCV  
  145  10:02  SCV  
  145  10:03  Terran Infantry Weapons Level 2, Terran Infantry Armor Level 2  
  145  10:06  SCV  
  148  10:08  Marine x4  
  148  10:11  Marine x2  
  148  10:13  SCV  
  153  10:14  Marine  
  153  10:15  Widow Mine x2  
  158  10:24  Refinery x2  
  158  10:26  Terran Ship Weapons Level 1  
  158  10:27  Supply Depot  
  158  10:28  Supply Depot x2  
  158  10:30  Marauder  
  158  10:31  Marine x3, Marauder  
  165  10:36  Liberator x2  
  165  10:41  Supply Depot  
  165  10:42  Supply Depot  
  165  10:43  Supply Depot  
  165  10:49  Marauder, Marine  
  178  10:57  Marine x3, Marauder x2  
  181  11:07  Starport  
  181  11:11  Marauder  
  183  11:17  Command Center  
  181  11:29  Marine x3, Marauder x2  
  181  11:30  Marine  
  181  11:32  Marauder  
  180  11:34  SCV x3  
  181  11:47  Liberator  
  181  11:50  Marine x4  
  181  11:51  Marauder x2  
  181  11:53  Marauder  
  194  12:02  Barracks x2  
  190  12:08  Factory Reactor  
  190  12:23  Terran Infantry Weapons Level 3, Terran Infantry Armor Level 3  
  190  12:28  Ghost Academy  
  190  12:40  Marine  
  190  12:41  Marine  
  185  12:44  Marine, Marauder x3  
  179  13:05  Marauder  
  179  13:06  Marauder x2  
  178  13:13  Viking  
  151  13:24  Liberator  
  151  13:26  Ghost x2, Liberator  
  155  13:30  Barracks Tech Lab x2  
  155  13:34  Marine x4  
  156  13:36  Viking  
  161  13:43  Viking  
  165  14:11  Liberator  
  163  14:26  Viking  
  163  14:27  Viking x2  
  172  14:37  Planetary Fortress  
  169  14:39  Missile Turret  
  166  14:53  Liberator  
  166  14:54  Liberator  
  157  15:08  Ghost x5  
  157  15:09  Viking  
  157  15:10  Viking  
  153  15:44  Ghost x5  
  153  15:45  Medivac  
  153  15:46  Medivac  
  167  15:51  Sensor Tower  
  167  15:53  Medivac  
  167  15:54  Medivac  
  167  15:56  Terran Ship Weapons Level 2  
  169  16:04  Command Center  
  169  16:06  Refinery  
  169  16:08  Command Center, Refinery, Missile Turret  
  169  16:19  Sensor Tower  
  169  16:20  Viking x2  
  169  16:23  Viking  
  175  16:37  Marauder x3  
  175  16:38  Marine, Marauder x2  
  185  16:59  Marine x4  
  189  17:01  Viking x2  
  189  17:04  Viking  
  192  17:11  Viking  
  194  17:22  Orbital Command  
  194  17:23  Orbital Command  
  194  17:24  Liberator  
  191  17:41  Viking x2  
  196  17:50  Missile Turret  
  196  17:53  Orbital Command  
  194  18:07  Viking  
  194  18:11  Viking x2  
  200  18:33  Command Center x2  
  195  18:55  Viking x2  
  187  19:11  Viking x2  
  191  19:25  Viking  
  189  19:34  Ghost x3  
  195  19:38  Marine x2  
  195  19:39  Marine x2  
  197  20:15  Liberator  
  197  20:20  Planetary Fortress  
  199  20:41  Ghost x2  
  198  20:54  Ghost  
  198  20:55  Ghost x2  
  181  21:16  Missile Turret  
  162  21:54  Marine x3  
  162  21:55  Marine x2  
  162  22:00  Marine x2  
Show
View Real Time Build Order
Export as new Build Order

Patience Protoss 

Build Orders:  

Get SALT Encoding   

  12  0:01  Probe (Chrono Boost)  
  13  0:11  Probe (Chrono Boost)  
  14  0:17  Pylon  
  14  0:22  Probe (Chrono Boost)  
  15  0:36  Probe (Chrono Boost)  
  15  0:39  Gateway  
  16  0:46  Probe (Chrono Boost)  
  17  0:50  Assimilator  
  18  0:57  Probe (Chrono Boost)  
  18  0:59  Assimilator  
  18  1:07  Probe (Chrono Boost)  
  19  1:21  Probe (Chrono Boost)  
  20  1:28  Cybernetics Core  
  20  1:30  Zealot (Chrono Boost)  
  20  1:31  Probe  
  23  1:40  Pylon  
  23  1:56  Nexus  
  23  2:11  Mothership Core (Chrono Boost)  
  25  2:29  Probe (Chrono Boost)  
  27  2:36  Twilight Council  
  25  2:39  Probe (Chrono Boost)  
  26  2:50  Probe (Chrono Boost)  
  29  3:00  Probe (Chrono Boost)  
  29  3:03  Robotics Facility  
  29  3:05  Warp Gate  
  28  3:09  Pylon  
  28  3:10  Probe (Chrono Boost)  
  28  3:11  Probe (Chrono Boost)  
  30  3:21  Probe (Chrono Boost)  
  30  3:22  Probe (Chrono Boost)  
  30  3:23  Resonating Glaives  
  32  3:31  Probe (Chrono Boost)  
  32  3:32  Probe (Chrono Boost)  
  36  3:38  Adept  
  36  3:42  Probe (Chrono Boost)  
  36  3:43  Probe (Chrono Boost)  
  38  3:51  Warp Prism (Chrono Boost)  
  38  3:52  Probe (Chrono Boost)  
  38  3:53  Probe (Chrono Boost)  
  42  4:00  Gateway  
  42  4:01  Gateway  
  42  4:03  Probe (Chrono Boost)  
  42  4:05  Probe (Chrono Boost)  
  44  4:13  Probe (Chrono Boost)  
  44  4:15  Probe (Chrono Boost)  
  46  4:23  Probe  
  46  4:26  Probe  
  46  4:27  Observer (Chrono Boost)  
  49  4:32  Nexus  
  49  4:34  Probe, Pylon  
  50  4:41  Probe  
  48  4:53  Probe  
  48  4:54  Probe  
  50  5:02  Assimilator  
  50  5:03  Assimilator  
  50  5:06  Probe, Observer (Chrono Boost), Blink (Chrono Boost)  
  52  5:07  Probe  
  52  5:10  Adept x2  
  52  5:11  Adept  
  59  5:16  Pylon  
  59  5:19  Probe x2  
  59  5:21  Pylon  
  61  5:31  Probe  
  61  5:32  Probe  
  61  5:35  Immortal (Chrono Boost)  
  67  5:46  Probe  
  67  5:47  Probe  
  69  5:52  Adept x3  
  69  5:56  Gateway  
  75  5:59  Gateway  
  75  6:03  Pylon  
  75  6:04  Gateway  
  75  6:08  Gateway  
  75  6:13  Adept  
  75  6:14  Adept  
  75  6:15  Adept  
  80  6:23  Probe  
  80  6:24  Immortal, Probe  
  78  6:26  Probe  
  81  6:38  Stalker  
  81  6:39  Stalker x2, Probe  
  87  6:40  Probe  
  87  6:41  Probe  
  90  6:49  Pylon  
  90  6:57  Probe  
  90  6:59  Probe x2  
  93  7:04  Forge  
  93  7:05  Stalker x4  
  101  7:09  Stalker  
  101  7:11  Probe  
  98  7:17  Stalker  
  98  7:18  Observer  
  97  7:31  Pylon  
  97  7:32  Pylon x2  
  97  7:36  Pylon  
  97  7:37  Pylon  
  97  7:39  Mothership Core  
  97  7:42  Probe  
  92  7:44  Immortal  
  92  7:45  Protoss Ground Weapons Level 1 (Chrono Boost)  
  92  7:47  Probe  
  97  7:51  Adept, Assimilator  
  97  7:52  Adept x2, Assimilator  
  97  7:53  Adept  
  97  7:54  Probe  
  106  7:59  Probe  
  106  8:01  Probe  
  106  8:05  Stalker x2  
  110  8:06  Probe  
  110  8:11  Probe  
  114  8:14  Robotics Bay  
  114  8:15  Photon Cannon  
  114  8:18  Pylon  
  114  8:19  Sentry x3  
  120  8:24  Observer  
  121  8:27  Gateway x2  
  121  8:28  Probe  
  121  8:29  Probe  
  121  8:30  Pylon  
  121  8:36  Probe  
  121  8:38  Probe  
  123  8:44  Pylon  
  123  8:51  Robotics Facility  
  123  9:00  Pylon  
  123  9:01  Pylon  
  123  9:02  Pylon  
  123  9:04  Colossus (Chrono Boost)  
  123  9:07  Extended Thermal Lance (Chrono Boost)  
  129  9:19  Pylon  
  129  9:20  Pylon  
  129  9:21  Forge, Pylon  
  129  9:23  Photon Cannon  
  129  9:24  Protoss Ground Armor Level 1 (Chrono Boost)  
  129  9:25  Pylon  
  129  9:28  Pylon  
  129  9:37  Colossus (Chrono Boost)  
  129  9:41  Adept x6  
  129  9:42  Adept x2  
  141  10:03  Colossus  
  141  10:12  Charge (Chrono Boost)  
  141  10:13  Gateway  
  141  10:14  Gateway  
  147  10:23  Colossus  
  147  10:30  Zealot  
  147  10:31  Pylon, Zealot x6  
  147  10:32  Zealot  
  169  10:36  Protoss Ground Weapons Level 2  
  169  10:41  Pylon  
  169  10:43  Pylon  
  169  10:46  Nexus  
  163  11:00  Pylon  
  163  11:01  Stalker x3  
  169  11:08  Stalker  
  169  11:09  Stalker x2  
  169  11:11  Colossus  
  183  11:22  Observer  
  177  11:31  Nexus, Zealot  
  177  11:32  Zealot x6  
  183  11:33  Zealot  
  177  11:56  Protoss Ground Armor Level 2  
  177  11:57  Observer Gravitic Boosters  
  177  11:58  Colossus x2  
  176  12:01  Templar Archives  
  188  12:09  Zealot x5  
  188  12:10  Zealot  
  200  12:17  Assimilator  
  200  12:22  Assimilator  
  199  12:33  Stargate  
  199  12:34  Pylon  
  199  12:40  Pylon  
  199  12:41  Pylon  
  176  12:49  Zealot x2  
  176  12:50  Zealot x4  
  168  12:52  Stalker  
  166  13:06  Stalker x3  
  170  13:18  Observer  
  170  13:19  Observer  
  150  13:26  Probe x3  
  153  13:32  High Templar  
  153  13:33  Photon Cannon, High Templar x5  
  165  13:36  Void Ray (Chrono Boost)  
  169  13:42  Archon x3  
  169  13:56  Probe  
  169  13:57  Probe x3  
  169  14:00  Assimilator  
  173  14:05  High Templar x2  
  170  14:28  Pylon  
  168  14:32  Probe x3  
  168  14:37  Immortal  
  168  14:40  Pylon, High Templar x3  
  168  14:41  Pylon  
  168  14:42  Pylon  
  180  14:54  Zealot  
  180  14:55  Zealot x4  
  190  15:05  Templar Archives, Archon  
  186  15:07  Zealot x3  
  186  15:09  Colossus  
  188  15:19  Immortal  
  188  15:20  Probe x2  
  179  15:22  Probe x2  
  178  15:31  Probe  
  178  15:32  Probe  
  178  15:34  Probe  
  175  15:40  Photon Cannon  
  175  15:42  Photon Cannon  
  173  15:47  Pylon  
  173  15:48  High Templar x2  
  173  15:49  Probe  
  178  15:55  Psionic Storm  
  178  16:06  High Templar x2  
  180  16:18  High Templar x2  
  184  16:26  Zealot  
  193  16:34  Stalker x5  
  195  16:40  Pylon  
  195  16:41  Pylon  
  195  16:46  Observer x2 (Chrono Boost)  
  196  17:04  High Templar x2  
  196  17:07  Photon Cannon x2  
  200  17:09  Photon Cannon  
  200  17:12  Photon Cannon  
  193  17:38  Archon x2  
  189  17:45  Observer (Chrono Boost)  
  189  17:46  Observer (Chrono Boost)  
  189  17:47  Zealot x2  
  189  17:48  Zealot x4  
  195  18:11  High Templar x3  
  199  18:13  Nexus  
  199  18:16  Observer (Chrono Boost), Pylon  
  199  18:53  Pylon  
  193  19:11  High Templar x3  
  199  19:30  Archon  
  178  19:33  Stalker x4  
  178  19:34  Stalker x4  
  190  19:41  Probe x2  
  190  19:42  Probe x3  
  195  19:45  Archon  
  195  19:48  Immortal (Chrono Boost)  
  195  19:54  Probe  
  195  19:57  High Templar x2  
  195  19:58  Pylon  
  172  20:17  Zealot x5  
  172  20:18  Zealot x2  
  172  20:21  Pylon  
  176  20:29  Zealot x2  
  180  20:38  Zealot  
  180  20:41  Zealot  
  173  21:10  High Templar x4  
  171  21:14  Archon x2  
  171  21:21  Observer (Chrono Boost)  
  158  21:50  Nexus  

Tags
 
Add a new tag
Caveats
  • Supply blocks, unpowered buildings, or Contaminate may cause inaccurate times.
  • Supply counts are checked every 10 seconds.